Map: Templo óseo EE

Players

MrFercho

  • Race: Terran Terran
  • League: Silver
  • Spawn Location: 12:00

tigro

  • Race: Terran Terran
  • League: Bronze
  • Spawn Location: 1:00

TATORREA

  • Race: Protoss Protoss
  • League: Silver
  • Spawn Location: 3:00

DroppinLoads

  • Race: Protoss Protoss
  • Spawn Location: 6:00

Eric

  • Race: Terran Terran
  • Spawn Location: 7:00

TeslaPyramid

  • Race: Protoss Protoss
  • Spawn Location: 7:00

VOD

Have the link to the VOD?

Description

Time

  • Played on: May 31, 2020, 8:09 p.m.
  • Length: 8:21
Show
View Real Time Build Order
Export as new Build Order

MrFercho Terran 

Build Orders:  

Get SALT Encoding   

  12  0:02  SCV  
  13  0:18  SCV  
  14  0:47  Command Center  
  14  1:02  SCV, Supply Depot  
  15  1:12  Refinery  
  15  1:32  SCV  
  16  1:37  Barracks  
  16  1:44  SCV  
  17  1:56  SCV  
  18  2:02  SCV  
  19  2:08  SCV  
  19  2:09  Refinery  
  19  2:14  SCV  
  21  2:25  Marine  
  21  2:26  SCV  
  23  2:43  Marine  
  24  2:56  Barracks  
  24  3:01  Marine  
  25  3:07  Factory  
  25  3:20  Orbital Command  
  25  3:23  Orbital Command  
  25  3:47  Refinery  
  25  3:51  Factory Tech Lab  
  25  3:55  Starport  
  25  4:10  SCV  
  26  4:22  SCV  
  26  4:23  Siege Tank  
  30  4:35  SCV  
  30  4:37  Ghost Academy  
  31  4:47  SCV  
  32  4:55  Siege Tank  
  32  4:59  SCV  
  36  5:10  SCV  
  37  5:22  SCV  
  38  6:00  SCV x2  
  33  6:10  Nuke  
  33  6:12  SCV  
  32  6:19  Viking  
  32  6:24  SCV  
  25  6:29  Refinery  
  15  6:33  Supply Depot  
  15  6:36  SCV  
  16  6:48  SCV  
  18  6:56  Supply Depot  
  18  7:00  SCV  
  17  7:12  SCV  
  18  7:19  Supply Depot  
Show
View Real Time Build Order
Export as new Build Order

tigro Terran 

Build Orders:  

Get SALT Encoding   

  12  0:04  SCV  
  13  0:16  SCV  
  14  0:21  Supply Depot  
  14  0:33  SCV  
  15  0:40  Refinery  
  15  0:45  SCV  
  16  0:55  Barracks  
  16  0:59  SCV  
  17  1:11  SCV  
  18  1:23  SCV  
  19  1:34  Refinery  
  19  1:35  SCV  
  20  1:41  Supply Depot  
  20  1:47  SCV  
  20  1:49  Marine  
  22  1:59  SCV  
  23  2:07  Marine, Barracks  
  24  2:11  SCV  
  25  2:20  Engineering Bay  
  25  2:24  Marine  
  25  2:42  Marine  
  24  3:00  Marine, Barracks Tech Lab  
  25  3:17  Factory  
  25  3:18  Marine  
  24  3:36  Marine  
  25  3:47  Stimpack  
  25  3:51  Marine  
  25  3:53  Marine  
  26  4:08  Marine  
  26  4:11  Marine  
  26  4:14  Factory Tech Lab  
  27  4:26  Marine  
  27  4:29  Marine  
  27  4:30  Starport  
  29  4:44  Marine  
  27  4:47  Marine  
  27  5:02  Marine  
  27  5:05  Marine  
  27  5:14  Starport Tech Lab  
  27  5:22  Orbital Command  
  27  5:26  Combat Shield, Barracks Tech Lab  
  27  5:27  Fusion Core  
  27  5:38  Marauder  
  27  5:42  Medivac  
  31  5:51  Terran Infantry Weapons Level 1  
  31  6:10  Marauder  
  31  6:15  Marauder  
  29  6:31  Marauder  
  31  6:36  Weapon Refit  
  31  6:45  Concussive Shells  
  31  6:48  Marauder  
  31  6:53  Marauder  
  27  7:09  Medivac, Marauder  
  27  7:14  Marauder  
  33  7:31  Marauder  
  33  7:35  Marauder  
  37  7:52  Marauder  
  37  7:57  Marauder  
Show
View Real Time Build Order
Export as new Build Order

TATORREA Protoss 

Build Orders:  

Get SALT Encoding   

  12  0:01  Probe  
  13  0:29  Pylon  
  13  0:53  Probe  
  14  1:09  Gateway  
  14  1:11  Probe  
  14  1:12  Nexus  
  15  1:23  Probe  
  16  1:36  Probe  
  17  1:47  Assimilator  
  17  1:48  Probe  
  20  2:17  Pylon  
  20  2:42  Gateway  
  18  2:45  Gateway  
  18  2:50  Pylon  
  18  2:53  Pylon  
  18  2:55  Probe  
  18  2:57  Pylon  
  19  3:01  Pylon  
  19  3:07  Probe  
  19  3:19  Probe  
  20  3:27  Assimilator  
  20  3:31  Probe  
  21  3:37  Cybernetics Core  
  21  3:47  Gateway  
  21  3:49  Gateway  
  21  3:51  Probe, Gateway  
  21  3:53  Gateway  
  22  4:17  Warp Gate (Chrono Boost)  
  22  4:18  Stargate  
  22  4:19  Stargate  
  22  4:45  Robotics Facility  
  22  4:47  Zealot x2  
  22  4:48  Zealot  
  22  4:54  Zealot x2  
  22  4:55  Zealot  
  34  5:09  Oracle  
  37  5:34  Oracle  
  40  6:01  Zealot  
  40  6:02  Zealot x4  
  40  6:03  Zealot  
  52  6:11  Twilight Council  
  52  7:22  Zealot  
  54  7:40  Pylon  
  54  7:43  Pylon  
  54  7:49  Pylon  
  54  7:57  Pylon  
  52  8:00  Pylon  
Show
View Real Time Build Order
Export as new Build Order

DroppinLoads Protoss 

Build Orders:  

Get SALT Encoding   

  12  0:01  Probe  
  13  0:16  Pylon  
  13  0:18  Probe (Chrono Boost)  
  14  0:30  Probe (Chrono Boost)  
  15  0:38  Probe (Chrono Boost), Gateway  
  16  0:52  Probe  
  17  1:04  Probe (Chrono Boost)  
  18  1:09  Assimilator  
  18  1:16  Probe (Chrono Boost)  
  19  1:22  Probe (Chrono Boost)  
  20  1:26  Cybernetics Core  
  20  1:30  Probe  
  21  1:42  Probe  
  22  1:48  Nexus  
  22  1:54  Probe  
  22  1:58  Assimilator  
  23  2:04  Pylon  
  23  2:06  Warp Gate (Chrono Boost)  
  23  2:22  Probe (Chrono Boost)  
  24  2:33  Twilight Council  
  24  2:34  Probe (Chrono Boost)  
  24  2:36  Gateway  
  25  2:40  Probe (Chrono Boost), Gateway  
  26  2:49  Probe  
  27  3:00  Pylon  
  27  3:02  Probe (Chrono Boost)  
  27  3:03  Pylon  
  28  3:10  Probe (Chrono Boost)  
  31  3:20  Probe x2 (Chrono Boost)  
  31  3:22  Gateway  
  31  3:25  Probe (Chrono Boost)  
  31  3:26  Probe  
  33  3:36  Probe  
  33  3:38  Probe  
  35  3:43  Stargate  
  35  3:45  Stargate  
  35  3:48  Probe  
  35  3:51  Robotics Facility  
  36  3:59  Stalker  
  36  4:02  Zealot x2  
  40  4:08  Probe (Chrono Boost)  
  44  4:10  Probe (Chrono Boost)  
  44  4:19  Forge  
  44  4:20  Probe (Chrono Boost)  
  44  4:21  Probe (Chrono Boost)  
  46  4:25  Probe (Chrono Boost)  
  46  4:26  Probe (Chrono Boost)  
  46  4:27  Sentry  
  46  4:29  Stalker  
  46  4:30  Stalker  
  54  4:32  Zealot  
  56  4:40  Assimilator  
  56  4:43  Assimilator  
  56  4:50  Probe x2  
  58  4:52  Protoss Ground Weapons Level 1  
  58  5:02  Probe x2, Zealot  
  62  5:07  Charge  
  62  5:11  Pylon  
  62  5:13  Pylon  
  62  5:16  Pylon  
  62  5:26  Pylon  
  62  5:32  Immortal  
  66  5:43  Fleet Beacon  
  66  5:49  Nexus  
  66  5:51  Pylon  
  66  5:57  Zealot  
  66  5:58  Zealot x2  
  66  5:59  Zealot  
  74  6:24  Tempest (Chrono Boost)  
  74  6:27  Tempest (Chrono Boost)  
  84  6:43  Zealot  
  84  6:44  Zealot  
  84  6:46  Stalker x2  
  80  7:06  Stalker x2  
  82  7:09  Stalker  
  82  7:10  Stalker  
  86  7:26  Probe (Chrono Boost)  
  86  7:27  Probe x2 (Chrono Boost)  
  89  7:31  Assimilator  
  89  7:35  Assimilator  
  89  7:37  Probe (Chrono Boost)  
  92  7:39  Probe x2 (Chrono Boost)  
  92  7:41  Probe (Chrono Boost)  
  103  7:53  Probe  
  104  8:05  Probe  
  105  8:06  Sentry x2  
  105  8:07  Zealot x2  
Show
View Real Time Build Order
Export as new Build Order

Eric Terran 

Build Orders: Liberator Opening 

Get SALT Encoding   

  12  0:02  SCV  
  13  0:21  SCV  
  14  0:29  Supply Depot  
  14  0:31  Refinery  
  14  0:35  Refinery  
  14  0:36  SCV  
  15  0:56  SCV  
  16  1:03  Barracks  
  16  1:08  SCV  
  17  1:20  SCV  
  18  1:32  SCV  
  19  1:33  Supply Depot  
  19  1:44  SCV  
  20  2:00  Factory, Barracks Tech Lab  
  20  2:13  SCV  
  21  2:21  Concussive Shells  
  23  2:25  SCV, Reaper  
  23  2:37  SCV  
  24  2:46  Factory Tech Lab  
  24  2:52  Starport  
  24  2:57  Reaper  
  25  3:16  Siege Tank  
  28  3:29  Reaper, Command Center  
  29  3:50  Supply Depot  
  29  3:56  SCV  
  30  4:11  Liberator  
  30  4:13  Refinery  
  30  4:14  Reaper  
  34  4:19  Siege Tank  
  37  4:46  Reaper  
  36  5:14  Liberator  
  36  5:19  Supply Depot  
  39  5:28  Siege Tank  
  42  5:30  SCV  
  43  5:42  SCV  
  44  5:54  SCV  
  42  5:57  Liberator  
  42  6:06  SCV  
  44  6:18  SCV  
  44  6:34  Widow Mine  
  46  6:40  Liberator  
  49  6:56  Widow Mine  
  45  7:17  Widow Mine  
  47  7:38  Widow Mine  
Show
View Real Time Build Order
Export as new Build Order

TeslaPyramid Protoss 

Build Orders: Cannon Rush 

Get SALT Encoding   

  12  0:01  Probe  
  14  0:19  Pylon  
  14  0:20  Probe  
  14  0:33  Probe  
  15  0:39  Forge  
  15  0:45  Probe  
  16  0:57  Probe  
  16  1:00  Pylon  
  17  1:05  Pylon  
  17  1:22  Photon Cannon  
  17  1:27  Photon Cannon  
  17  1:32  Photon Cannon  
  17  1:43  Photon Cannon  
  17  1:52  Photon Cannon  
  17  1:58  Pylon  
  17  2:09  Photon Cannon  
  17  2:21  Photon Cannon  
  17  2:29  Photon Cannon  
  17  2:37  Pylon  
  17  2:44  Pylon  
  17  2:58  Photon Cannon  
  17  3:02  Photon Cannon  
  17  3:12  Photon Cannon  
  17  3:21  Gateway  
  17  3:34  Photon Cannon  
  17  3:43  Photon Cannon  
  17  3:49  Photon Cannon  
  17  3:56  Photon Cannon  
  17  4:04  Pylon  
  17  4:10  Zealot  
  19  4:24  Gateway  
  19  4:37  Zealot  
  21  4:50  Gateway  
  21  4:55  Gateway  
  21  5:14  Pylon  
  21  5:20  Pylon  
  21  5:29  Zealot x2  
  25  5:43  Zealot  
  25  5:44  Pylon, Zealot  
  29  5:50  Pylon  
  29  6:00  Zealot x2  
  33  6:22  Photon Cannon  
  33  6:25  Zealot x2  
  37  6:27  Zealot  
  28  7:00  Probe  
  29  7:12  Probe  
  30  7:24  Probe  
Tags
 
Add a new tag
Caveats
  • Supply blocks, unpowered buildings, or Contaminate may cause inaccurate times.
  • Supply counts are checked every 10 seconds.